 Dungeon Crawl Stone Soup version 0.31.0-32-g396128a36d (webtiles) character file.

Game seed: 2606452502855581200

173 mainiacjoe the Digger (level 5, -4/31 HPs)
             Began as an Octopode Earth Elementalist on Mar 22, 2024.
             Slain by a sky beast (6 damage)
             ... on level 4 of the Dungeon.
             The game lasted 00:11:34 (4035 turns).

mainiacjoe the Digger (Octopode Earth Elementalist) Turns: 4035, Time: 00:11:34

Health: -4/31      AC:  1    Str:  8    XL:     5   Next: 53%
Magic:  1/8        EV: 13    Int: 19    God:
Gold:   8          SH:  0    Dex: 12    Spells: 1/8 levels left

rFire   . . .        q - +0 flail
rCold   . . .        (no shield)
rNeg    . . .        (helmet restricted)
rPois   .            (no amulet)
rElec   .            j - ring of wizardry
rCorr   .            (no ring)
SInv    .            (no ring)
Will    .....        (no ring)
Stlth   ++++         (no ring)
HPRegen 0.25/turn    (no ring)
MPRegen 0.11/turn    (no ring)
                     (no ring)

%: wizardry (x1)
@: no status effects
A: almost no armour, amphibious, 8 rings, camouflage 1, gelatinous body 1,
(nimble swimmer 1), tentacles
a: no special abilities


You were on level 4 of the Dungeon.
You visited 1 branch of the dungeon, and saw 4 of its levels.

You collected 164 gold pieces.
You spent 156 gold pieces at shops.

Inventory:

Hand Weapons
 b - a +0 sling
 d - a +0 whip
 e - a +1 dagger
 q - a +0 flail (weapon)
Missiles
 c - 26 stones
 f - a throwing net {=F}
 g - 8 poisoned darts
 m - 9 boomerangs
 o - 5 javelins
Jewellery
 j - a ring of wizardry (left tentacle)
Wands
 k - a wand of paralysis (6)
Scrolls
 h - a scroll of teleportation
 l - a scroll of fog
Potions
 a - a potion of magic
 i - 2 potions of might {unknown}
 n - a potion of heal wounds {unknown}
 p - a potion of degeneration {unknown}
 r - a potion of curing {unknown}
 s - a potion of haste
 t - 2 potions of enlightenment {unknown}


   Skills:
 - Level 2.0 Dodging
 + Level 5.0 Stealth
 - Level 2.0 Spellcasting
 - Level 1.0 Conjurations
 * Level 5.2 Earth Magic


You had one spell level left.
You knew the following spells:

 Your Spells              Type           Power      Damage    Failure   Level
a - Sandblast             Erth           42%        2d11      1%          1
b - Passwall              Erth           21%        N/A       2%          3
c - Stone Arrow           Conj/Erth      26%        3d8       6%          3

Your spell library contained the following spells:

 Spells                   Type           Power      Damage    Failure   Level
 Sting                    Conj/Alch      12%        1d3       6%          1
 Apportation              Tloc           2%         N/A       7%          1
 Necrotise                Necr           4%         1d4       7%          1
 Summon Small Mammal      Summ           4%         N/A       7%          1
 Ensorcelled Hibernation  Hex/Ice        2%         N/A       11%         2
 Brom's Barrelling Bould  Conj/Erth      13%        2d4       19%         4
 Fugue of the Fallen      Necr           1%         N/A       21%         3
 Petrify                  Alch/Erth      11%        N/A       22%         4
 Anguish                  Hex/Necr       0%         N/A       52%         4


Dungeon Overview and Level Annotations

Branches:
Dungeon (4/15)
 Temple: D:4-7

Altars:
Dithmenos
The Shining One

Shops:
D:1 *   D:2 [   D:3 [

Annotations:
D:2 Sigmund


Innate Abilities, Weirdness & Mutations

You cannot wear most types of armour.
You are amphibious.
You can wear up to eight rings at the same time.
Your skin changes colour to match your surroundings (Stealth+).
Your rubbery body absorbs attacks. (AC +1, EV +1)
((You are camouflaged when in or above water. (Stealth+)))
You have tentacles for arms and can constrict up to eight enemies at once.


Message History

You aren't next to any passable walls.
Casting: Passwall (dangerous; 2% risk of failure)
Confirm with . or Enter, or press ? or * to list all spells.
Aiming: Stone Arrow (dangerous; 6% risk of failure)
Press: ? - help, Shift-Dir - straight line, f/p - sky beast
Aim: a sky beast (56% to hit)
The stone arrow hits the sky beast.
The sky beast is lightly wounded.
Casting: Stone Arrow (dangerous; 6% risk of failure)
Confirm with . or Enter, or press ? or * to list all spells.
Aiming: Stone Arrow (dangerous; 6% risk of failure)
Press: ? - help, Shift-Dir - straight line, f/p - sky beast
Aim: a sky beast (lightly wounded, 56% to hit)
The stone arrow misses the sky beast.
Casting: Stone Arrow (dangerous; 6% risk of failure)
Confirm with . or Enter, or press ? or * to list all spells.
You don't have enough magic to cast this spell.
Unknown command.
Casting: Stone Arrow (dangerous; 6% risk of failure)
Confirm with . or Enter, or press ? or * to list all spells.
Aiming: Sandblast (safe; 1% risk of failure)
Press: ? - help, Shift-Dir - straight line, f/p - sky beast
Aim: a sky beast (lightly wounded, 76% to hit)
The blast of sand hits the sky beast!
The sky beast is heavily wounded.
The sky beast flickers out of sight!
Deactivating autopickup; reactivate with Ctrl-A.
Something hits you. Something shocks you.
You are now empty-tentacled.
Something hits you. Something shocks you.
q - a +0 flail (weapon)
You miss something. Your squeeze misses something.
Something completely misses you. Something hits you. Something shocks you.
* * * LOW HITPOINT WARNING * * *
Your magical contamination has completely faded away.
You barely miss something. You squeeze something.
Something completely misses you.
You miss something. Something hits you.
* * * LOW HITPOINT WARNING * * *
Something shocks you.
You die...

.... .... ......
...... .....#.
#####......
#...{#..... .
#..@.#..## ..
#........##..
####..........
##.........##
#.........##
#........##
#...<...#...#
#..###..........
### .†.....##...


There were no monsters in sight!

Vanquished Creatures
  A crimson imp (D:3)
  An adder (D:4)
  6 gnolls (D:2)
  3 dart slugs
  2 ribbon worms (D:2)
  2 orcs (D:3)
  4 ball pythons
  4 endoplasms (D:3)
  A giant cockroach (D:2)
  5 goblins
  5 hobgoblins
  4 quokkas
  5 bats
  A goblin skeleton (D:3)
  A goblin zombie (D:3)
  2 hobgoblin zombies (D:3)
  4 kobolds
  A kobold skeleton (D:3)
  A kobold zombie (D:3)
  2 orc zombies (D:3)
  8 rats
63 creatures vanquished.

Notes
Turn   | Place    | Note
-------+----------+-------------------------------------------
     0 | D:1      | mainiacjoe the Octopode Earth Elementalist began the quest
                  | for the Orb.
     0 | D:1      | Reached XP level 1. HP: 11/11 MP: 3/3
   180 | D:1      | Reached XP level 2. HP: 17/17 MP: 3/5
   208 | D:1      | You fall into a shaft and drop 1 floor!
   818 | D:2      | Reached XP level 3. HP: 21/21 MP: 4/6
  1011 | D:1      | Reached XP level 4. HP: 21/27 MP: 1/7
  1239 | D:1      | Learned a level 3 spell: Passwall
  1265 | D:1      | Learned a level 3 spell: Stone Arrow
  1274 | D:1      | Found Luyquc's Assorted Antiques.
  1278 | D:1      | Bought a scroll labelled CAAWY SEGU for 26 gold pieces
  1753 | D:2      | Noticed Sigmund
  1761 | D:2      | HP: 1/27 [something (4)]
  2234 | D:1      | Bought a scroll labelled JIBROA LIAZIRRI for 26 gold pieces
  2389 | D:2      | Found a transporter.
  2393 | D:2      | Found Nygogaw's Armour Shoppe.
  2402 | D:2      | Found a transporter.
  2929 | D:3      | Found a shadowy altar of Dithmenos.
  2972 | D:3      | Found a faded altar of an unknown god.
  3098 | D:3      | Found Kireshr Acwue's Armour Shop.
  3127 | D:3      | Reached XP level 5. HP: 30/31 MP: 2/8
  3477 | D:3      | Found a glowing golden altar of the Shining One.
  3489 | D:3      | Reached skill level 5 in Earth Magic
  3896 | D:1      | Bought a copper wand for 104 gold pieces
  3995 | D:4      | Reached skill level 5 in Stealth
  4026 | D:4      | Noticed a sky beast
  4035 | D:4      | Slain by a sky beast

Illustrated notes

Levels and vault maps discovered:
D:1:      heliophobic_arrival_battle_scene, layout_basic, serial_shops,
          nicolae_shop_back_alley_shop
D:2:      layout_basic, serial_shops, nicolae_shop_drivethru, serial_rivers,
          chequers_serial_rivers_micro_c, chequers_serial_rivers_room_a,
          chequers_serial_rivers_micro_b, chequers_serial_rivers_large_b,
          chequers_serial_rivers_micro_c, uniq_sigmund
D:3:      layout_loops_ring, nicolae_dithmenos_the_darkroom,
          nicolae_tso_besieged_by_evil, serial_shops, nicolae_square_shop,
          hellmonk_ecumenical_altar_heavens_door, skrybe_limestone_x,
          minmay_puff
D:4:      layout_cave_pools, minmay_temple_entry_ruins,
          ebering_dispersal_statue_hall, hangedman_decor_diamond_cutter

Skill      XL: |  1  2  3  4  5 |
---------------+----------------+-----
Stealth        | 3 4 5 |  5.0
Earth Magic    | 4 5 |  5.2
Dodging        | |  2.0
Spellcasting   | |  2.0
Conjurations   | |  1.0

Action                     |  1- 3 |  4- 6 || total
---------------------------+-------+-------++-------
  Melee: Flail             |     4 |     5 ||     9
         Constrict         |     2 |       ||     2
         Tentacles         |     1 |     2 ||     3
   Fire: Sling             |       |    14 ||    14
   Cast: Sandblast         |    43 |    57 ||   100
         Stone Arrow       |       |     2 ||     2
    Use: Scroll            |       |     8 ||     8
         Potion            |       |     1 ||     1
 Armour: Skin              |    20 |    13 ||    33
  Dodge: Dodged            |    22 |    15 ||    37
